Unix NetHack Version 5.0.0-0 post-release - last build Jun 10 2026 00:39:30 (3ee93aec679c4c4259841fe613dc97188e26a321,branch:main).

Game began 2026-07-10 09:06:57, ended 2026-07-10 09:41:12.

BATTLEMODE, chaotic female elven Wizard

                                                                 ----------
                                                       ####%#####-........|
                                                              #  |..>.....|
                                                             *   |.......^|
                                                |           #    -.------.-
                                                |..|       #             #
                                                 -.G. #   #              #
                                                  .@..#  #               #
                                                      d@#                #
                                                      #                  #
                                                      #               ####
                                                                    ----|--
                                                                   #+.....|
                                                                    |.....|
                     |  -----  - ----- -----    ----                |.....|
                     |...............................-             #+..<..|
                     --------------------------------               -------

BATTLEMODE the Conjurer   St:10 Dx:16 Co:14 In:16 Wi:10 Ch:10  Chaotic
Dlvl:5  $:14 HP:0(31) Pw:4(55) AC:2  Xp:5 T:1637 

Latest messages:
 In what direction? 4
 The spell hits the wolf!
 You kill the wolf!
 You are caught in a bear trap.
 You are caught in a bear trap.
 You are caught in a bear trap.
 You are caught in a bear trap.
 You are caught in a bear trap.
 You are caught in a bear trap.
 You are caught in a bear trap.
 You are caught in a bear trap.
 You are caught in a bear trap.
 You are caught in a bear trap.
 You are caught in a bear trap.
 You are caught in a bear trap.
 You are caught in a bear trap.
 You finally wriggle free.
 What do you want to eat? [pqB or ?*] ?
 My, this is a yummy slime mold!
 Pick a monster, object or location.
 Cb's ghost touches you!
 A crossbow bolt misses you.
 You are hit by a crossbow bolt.
 You are hit by a crossbow bolt.
 Pick a monster, object or location.
 You don't have enough energy to cast that spell.
 In what direction? 6
 The spell hits the gnome queen!
 The spell hits it!
 You hit the gnome queen.
 The gnome queen swings her crossbow.
 The gnome queen misses!
 You kill the gnome queen!
 There are several objects here.
 There is a gnome queen corpse here; eat it? [ynq] (n) n
 What do you want to eat? [qB or ?*] <esc>
 Never mind.
 S - a scroll labeled PRATYAVAYAH.
 Cb's ghost touches you!
 Your candle is getting short.
 You see here 10 rocks.
 The wolf bites!
 You hit the wolf!
 The wolf bites!
 You die...
 Do you want your possessions identified? [ynq] (y) y
 Do you want to see your attributes? [ynq] (y) y
 Do you want an account of creatures vanquished? [ynaq] (y) y
 Do you want to see your conduct and achievements? [ynq] (y) y
 Do you want to see the dungeon overview? [ynq] (y) y

Inventory:
 Coins    ('$')
  $ - 14 gold pieces
 Weapons  (')')
  s - a +0 sling (alternate weapon; not wielded)
  O - a +0 elven dagger
  a - a blessed +1 quarterstaff (weapon in hands)
 Armor    ('[')
  I - an uncursed +0 pair of iron shoes (being worn)
  b - a blessed +3 cloak of magic resistance (being worn)
  o - an uncursed +0 leather armor (being worn)
 Comestibles  ('%')
  B - an uncursed cram ration
  q - an uncursed egg
 Scrolls  ('?')
  K - a blessed scroll of create monster
  C - an uncursed scroll of food detection
  h - an uncursed scroll of scare monster
  S - an uncursed scroll of stinking cloud
  j - an uncursed scroll of taming
 Potions  ('!')
  f - 2 uncursed potions of healing
  g - an uncursed potion of restore ability
 Rings    ('=')
  e - an uncursed ring of protection from shape changers (on right hand)
  d - an uncursed ring of teleport control (on left hand)
 Wands    ('/')
  D - a wand of light (0:12)
  F - a wand of magic missile (0:5)
  c - a wand of magic missile (0:4)
  E - a wand of sleep (0:8)
 Tools    ('(')
  n - an uncursed bugle
  m - a magic marker (0:21)
  J - an uncursed mirror
  M - an uncursed partly used tallow candle (lit)
  L - an uncursed tin whistle
 Gems/Stones  ('*')
  P - 2 uncursed black opals
  y - an uncursed worthless piece of black glass
  Q - an uncursed worthless piece of blue glass
  G - 3 uncursed worthless pieces of green glass
  w - 2 uncursed worthless pieces of orange glass
  N - an uncursed worthless piece of red glass
  R - an uncursed worthless piece of violet glass

BATTLEMODE the Wizard's attributes:

Background:
 You were a Conjurer, a level 5 female elven Wizard.
 You were chaotic, on a mission for Anhur
 who was opposed by Ptah (lawful) and Thoth (neutral).
 You were right-handed.
 You were in the Gnomish Mines, on level 5.
 You entered the dungeon 1637 turns ago.
 You had 315 experience points, 5 more were needed to attain level 6.

Basics:
 You had 0 out of 31 hit points.
 You had 4 out of 55 energy points (spell power).
 Your armor class was 2.
 Your wallet contained 14 zorkmids.
 Autopickup was off.

Final Characteristics:
 Your strength was 10 (limit:18).
 Your dexterity was 16 (limit:18).
 Your constitution was 14 (limit:16).
 Your intelligence was 16 (limit:20).
 Your wisdom was 10 (limit:20).
 Your charisma was 10 (limit:18).

Final Status:
 You weren't hungry.
 You were unencumbered.
 You were wielding a quarterstaff.
 You had basic skill with quarterstaff.

Final Attributes:
 You were devoutly aligned.
 You were magic-protected.
 You were sleep resistant.
 You had infravision.
 You had teleport control.
 You were warded.
 You were protected from shape changers.
 You are dead.

Miscellaneous:
 You encountered 2 bones levels.
 Total elapsed playing time was 34 minutes and 14 seconds.

Major events:
 Turn
    1: BATTLEMODE the chaotic female elven Wizard entered the dungeon
  586: entered the Gnomish Mines
  843: attained the rank of Conjurer (level 3)
 1637: killed by a wolf

Spells:
 Name                 Level Category     Fail Retention
 force bolt             1   attack         0%  91%-100%
 knock                  1   matter         0%  76%-100%
 chain lightning        2   attack         0%  91%-100%

Skills:
 Fighting Skills
   bare handed combat [Unskilled]
   riding             [Unskilled]
 Weapon Skills
   dagger             [Unskilled]
   knife              [Unskilled]
   axe                [Unskilled]
   short sword        [Unskilled]
   club               [Unskilled]
   mace               [Unskilled]
   quarterstaff       [Basic]
   polearms           [Unskilled]
   spear              [Unskilled]
   trident            [Unskilled]
   sling              [Unskilled]
   dart               [Unskilled]
   shuriken           [Unskilled]
 Spellcasting Skills
   attack spells      [Basic]
   healing spells     [Unskilled]
   divination spells  [Unskilled]
   enchantment spells [Basic]
   clerical spells    [Unskilled]
   escape spells      [Unskilled]
   matter spells      [Unskilled]

Voluntary challenges:
 Character rerolling was not enabled.
 You never genocided any monsters.
 You never polymorphed an object.
 You never changed form.
 You used no wishes.
Achievements:
 You entered the Gnomish Mines.
 You attained the rank of Conjurer.

 The Dungeons of Doom: levels 1 to 3
    Level 1:
       A grave.
    Level 2:
       A fountain.
       Stairs down to The Gnomish Mines.
    Level 3:
 The Gnomish Mines: levels 3 to 5
    Level 3:
       Final resting place for
          mwm11235-Wiz-Hum-Mal-Neu, killed by a boulder.
    Level 4:
    Level 5: <- You were here.
       Final resting place for
          you, killed by a wolf,
          yasdy-Pri-Elf-Mal-Cha, killed by a mumak,
          cb-Val-Dwa-Fem-Law, killed by a mumak.


Vanquished creatures:
  a ghost
  a wolf
  a gnome ruler
  2 gnome leaders
  a floating eye
  a kitten
  4 dwarves
  a giant bat
 an iguana
 an acid blob
  a gas spore
  a hobbit
  a giant rat
 12 gnomes
  3 geckos
  6 jackals
  a kobold
  4 goblins
  a sewer rat
  a bat
  3 lichens
  3 newts
51 creatures vanquished.

No species were genocided or became extinct.

Game over:
                       ----------
                      /          \
                     /    REST    \
                    /      IN      \
                   /     PEACE      \
                  /                  \
                  |    BATTLEMODE    |
                  |      14 Au       |
                  | killed by a wolf |
                  |                  |
                  |                  |
                  |                  |
                  |       2026       |
                 *|     *  *  *      | *
        _________)/\\_//(\/(/\)/\//\/|_)_______

Goodbye BATTLEMODE the Wizard...

You died in The Gnomish Mines on dungeon level 5 with 1483 points,
and 14 pieces of gold, after 1637 moves.
You were level 5 with a maximum of 31 hit points when you died.

